Match 42424722
Unlisted

Match 42424722
End
Selects Airborne Battlegroup
Selects Heavy Machine Gun Paradrop
Heavy Machine Gun Paradrop
Construct Weapon Support Center
Engineer Squad
Heavy Machine Gun Paradrop
Construct Medical Station
Selects Paratrooper Squad Paradrop
Paratrooper Squad Paradrop
Construct Barracks
M1 Mortar Team
Mechanized Support Center
Selects Anti-tank Gun Team Paradrop
Selects Anti-tank Gun Team Paradrop
Anti-tank Gun Team Paradrop
Construct Tank Depot
Anti-tank Gun Team Paradrop
Improvised Armor
M4A1 76mm Conversion
M4A1 Sherman Medium Tank
M4A1(76) Sherman Medium Tank
Designate Forward Repair Station
Paratrooper Squad Paradrop
M4A1(76) Sherman Medium Tank
Selects Recon Loiter
Selects Paradrop Reinforcements
Selects Carpet Bombing Run
Recon Loiter
M4A1(76) Sherman Medium Tank
M4A1(76) Sherman Medium Tank
M4A1(76) Sherman Medium Tank
M4A1(76) Sherman Medium Tank
Ni
Pathfinder
Kain
CaptainTaco
Thrusher
Red
Ul`Man
InvadeR LSPDK85
0
0

Comments sign in to comment!

No comments posted yet!